Map: Pride of Altaris LE

Players

Raynorlulu

  • Race: Terran Terran

Thor - Winner!

  • Race: Protoss Protoss
  • League: Diamond

VOD

Have the link to the VOD?

Description

Time

  • Played on: March 3, 2022, 8:39 a.m.
  • Length: 2:40
Show
View Real Time Build Order
Export as new Build Order

Raynorlulu Terran 

Build Orders:  

Get SALT Encoding   

  12  0:00  SCV  
  13  0:16  Supply Depot  
  13  0:19  SCV  
  14  0:31  SCV  
  15  0:39  Barracks  
  15  0:49  Refinery  
  15  1:10  Barracks  
  15  1:25  Marine, Barracks  
  15  1:30  Supply Depot  
  16  1:40  SCV  
  16  1:43  Marine  
  18  2:01  Marine  
  19  2:12  Bunker  
  19  2:19  Marine  
Show
View Real Time Build Order
Export as new Build Order

Thor Protoss - Winner!

Build Orders:  

Get SALT Encoding   

  12  0:03  Probe  
  13  0:15  Probe  
  13  0:20  Pylon  
  14  0:27  Probe  
  15  0:39  Probe (Chrono Boost), Gateway  
  16  0:46  Assimilator  
  16  0:51  Probe (Chrono Boost)  
  17  0:59  Probe (Chrono Boost)  
  18  1:06  Probe  
  19  1:18  Probe  
  20  1:20  Gateway  
  20  1:23  Pylon  
  20  1:30  Cybernetics Core  
  20  1:35  Assimilator  
  20  1:37  Probe  
  21  2:00  Pylon  
  21  2:05  Stalker x2 (Chrono Boost)  
  24  2:34  Shield Battery  
Tags
 
Add a new tag
Caveats
  • Supply blocks, unpowered buildings, or Contaminate may cause inaccurate times.
  • Supply counts are checked every 10 seconds.